AoeStats
← Rao8830

Arena

509647679Analyzed
1v1 RM · 5d ago on Sep 27, 2026· 47m 47s· 2 players
Game mode
Random Map
Map size
Tiny (2 player)
Population
200
Speed
Normal
Resources
Standard
Victory
Conquest
Starting age
Dark Age
Ending age
Imperial Age
RankedLock teamsTeams togetherTeam positionsShared explorationLock speedFull tech treeHidden civsTurbo modeCheats
Victory
Defeat
🇮🇳 Portuguese · India
1153
+14
🇧🇪 Gurjaras · Belgium
1117
-14
Rao8830
10:10 Feudal Age
14:54 Castle Age
13:38 Stone Mining
14:31 Double-Bit Axe
14:47 Loom
16:38 Horse Collar
20:20 Bow Saw
21:32 Heavy Plow
23:38 Wheelbarrow
28:06 Gold Mining
30:27 Stone Shaft Mining
33:38 Imperial Age
35:00 Crop Rotation
35:32 Two-Man Saw
34:48 Hand Cart
34:18 Town Watch
36:18 Bloodlines
36:08 Husbandry
36:33 Conscription
37:19 Town Patrol
37:13 Fletching
37:23 Padded Archer Armor
39:16 Ballistics
39:58 Chemistry
39:19 Ballistics
38:54 Murder Holes
40:29 Elite Organ Gun
41:10 Arquebus
40:36 Light Cavalry
40:36 Cavalier
43:48 Pikeman
44:14 Gambesons
44:14 Arson
45:05 Halberdier
GUNTHA WAS HERE
9:52 Feudal Age
12:20 Double-Bit Axe
15:00 Castle Age
19:28 Loom
27:17 Imperial Age
26:08 Bloodlines
26:20 Forging
26:11 Fletching
26:54 Scale Barding Armor
31:37 Iron Casting
30:59 Bodkin Arrow
34:15 Elite Shrivamsha Rider
36:45 Chemistry
44:17 Chain Barding Armor
Connection lost

Rejoining the realm…

Still unreachable

The connection could not be restored.

Session expired

The server has moved on; the page needs a fresh start.